 Dungeon Crawl Stone Soup version 0.13-a0-2474-g552a472 (webtiles) character file.

239 Rycklaryybbe the Cutter (level 4, -3/32 HPs)
             Began as a Demonspawn Wanderer on July 18, 2013.
             Slain by a giant mite (4 damage)
             ... on Level 3 of the Dungeon.
             The game lasted 00:04:56 (2363 turns).

Rycklaryybbe the Cutter (Demonspawn Wanderer)       Turns: 2363, Time: 00:04:57

HP  -3/32        AC  6     Str 15      XL: 4   Next: 11%
MP   6/6         EV 11     Int 12      God:
Gold 164         SH  2     Dex 12      Spells:  0 memorised,  5 levels left

Res.Fire  : . . .   See Invis. : .   a - +2,+1 short sword
Res.Cold  : . . .   Warding    : .   b - +0 robe
Life Prot.: . . .   Conserve   : .   (no shield)
Res.Poison: .       Res.Corr.  : +   (no helmet)
Res.Elec. : .       Clarity    : .   (no cloak)
Sust.Abil.: . .     Spirit.Shd : .   (no gloves)
Res.Mut.  : .       Stasis     : .   (no boots)
Res.Rott. : .       Flight     : .   i - amulet of resist corrosion
Saprovore : . . .                    (no ring)
                                     n - +2 ring of protection

@: slightly resistant to hostile enchantments, stealthy
A: nightstalker 1, AC +2, SH +2
a: no special abilities


You were on level 3 of the Dungeon.
You were not hungry.

You visited 1 branch of the dungeon, and saw 3 of its levels.

You collected 114 gold pieces.

Inventory:

Hand weapons
 a - a +2,+1 short sword (weapon)
 o - a +0,+0 falchion
Armour
 b - a +0 robe (worn)
Comestibles
 c - a bread ration
 m - 2 meat rations
Scrolls
 d - 4 scrolls of identify
 h - a scroll of magic mapping {unknown}
 k - a scroll of remove curse {unknown}
 l - a scroll of fear {unknown}
Jewellery
 i - an amulet of resist corrosion (around neck)
 n - a +2 ring of protection (left hand)
 q - an uncursed amulet of inaccuracy {unknown}
Potions
 e - a potion of mutation {unknown}
 f - a potion of heal wounds
 g - 3 potions of curing {unknown}
 j - a potion of resistance {unknown}
 p - a potion of restore abilities {unknown}


   Skills:
 - Level 2.0 Fighting
 + Level 4.0 Short Blades
 - Level 1.0 Dodging
 - Level 1.0 Stealth
 - Level 1.0 Spellcasting
   Level 1.0 Charms
   Level 1.0 Poison Magic
   Level 1.2 Invocations


You had 5 spell levels left.
You didn't know any spells.

Dungeon Overview and Level Annotations

Branches:
Dungeon (3/27)

Altars:
Cheibriados

Annotations
D:3 Rycklaryybbe's ghost, average DsWr


Innate Abilities, Weirdness & Mutations

You are partially covered in large bone plates (AC +2, SH +2).
You are slightly more attuned to the shadows.


Message History

You hit the orc but do no damage. The orc hits you with an orcish flail.
* * * LOW HITPOINT WARNING * * *
You hit the orc.
The orc is moderately wounded.
You barely miss the orc.
The orc is moderately wounded.
The orc hits you with an orcish flail.
* * * LOW HITPOINT WARNING * * *
A giant mite comes into view.
You see here a bread ration.
The giant mite bites you.
* * * LOW HITPOINT WARNING * * *
You are poisoned.
The giant mite poisons you!
Rycklaryybbe's ghost (average Demonspawn Warper) comes into view.
* * * LOW HITPOINT WARNING * * *
You feel sick.
You feel better. The giant mite bites you.
You die...

.p .... ....###
........ .......#
........# .......@#
##..##s.# #.. #%o# #+#
#.##..##..# ##...#
#.........# ##.....#
##......### ##.......#
#........####.........
#...........'.........+
.
........####.........#


You could see Rycklaryybbe's ghost, a giant mite and an orc.

Vanquished Creatures
  4 adders
  A giant eyeball (D:2)
  A giant gecko (D:1)
  3 giant cockroaches
  6 hobgoblins
  A jackal (D:2)
  A quokka (D:2)
  6 bats
  3 giant newts
  5 goblins
  4 kobolds
  4 rats
39 creatures vanquished.

Notes
Turn   | Place    | Note
--------------------------------------------------------------
     0 | D:1      | Rycklaryybbe, the Demonspawn Wanderer, began the quest for the Orb.
     0 | D:1      | Reached XP level 1. HP: 14/14 MP: 2/2
   569 | D:1      | Gained mutation: You are partially covered in large bone plates (AC +2, SH +2). [demonic ancestry]
   569 | D:1      | Reached XP level 2. HP: 14/20 MP: 3/3
  1266 | D:2      | Found a snail-covered altar of Cheibriados.
  1627 | D:2      | Reached skill level 3 in Short Blades
  1627 | D:2      | Gained mutation: You are slightly more attuned to the shadows. [demonic ancestry]
  1627 | D:2      | Reached XP level 3. HP: 25/25 MP: 4/4
  1777 | D:2      | Paralysed by a giant eyeball for 3 turns
  2355 | D:3      | Reached skill level 4 in Short Blades
  2355 | D:3      | Reached XP level 4. HP: 8/32 MP: 6/6
  2363 | D:3      | Noticed Rycklaryybbe's ghost (average DsWr)
  2363 | D:3      | HP: 1/32 [poisoned by a giant mite]
  2363 | D:3      | Slain by a giant mite

Action                   |  1- 3 |  4- 6 || total
-------------------------+-------+-------++-------
Melee: Short sword       |   162 |     3 ||   165
  Use: Scroll            |     6 |       ||     6
       Potion            |     1 |       ||     1
 Stab: Sleeping          |     3 |       ||     3
